 Dungeon Crawl Stone Soup version 0.26.1-11-gd32895ea62 (webtiles) character file.

Game seed: 9598421890175294469

4370 vvl the Slasher (level 10, -9/88 HPs)
             Began as a Naga Transmuter on June 17, 2021.
             Mangled by a gargoyle
             ... wielding a +1 morningstar of holy wrath
              (10 damage)
             ... on level 6 of the Dungeon.
             The game lasted 00:34:58 (11477 turns).

vvl the Slasher (Naga Transmuter)                  Turns: 11477, Time: 00:34:59

Health: -9/88      AC: 21    Str: 20 (22) XL:     10   Next: 34%
Magic:  13/13      EV: 20    Int: 10 (13) God:
Gold:   203        SH:  4    Dex: 11 (12) Spells: 12/13 levels left

rFire    . . .     SeeInvis +   s - +5 long sword (freeze)
rCold    . . .     Faith    .   l - +0 buckler
rNeg     . . .     Spirit   .   f - +0 chain mail
rPois    +         Reflect  .   g - +0 helmet
rElec    .         Harm     .   (no cloak)
rCorr    .         Rampage  .   d - +2 pair of gloves
Will     +....                  c - +0 barding
Stlth    ..........             z - amulet of the acrobat
HPRegen  0.24/turn              h - +4 ring of protection
MPRegen  0.13/turn              j - +6 ring of strength (curse)

@: acrobat, very slow
A: large, see invisible, deformed body, poison resistance, slowness 2, spit
poison 1, AC +3
a: Spit Poison


You were on level 6 of the Dungeon.
You visited 1 branch of the dungeon, and saw 7 of its levels.
You also visited: Sewer.

You collected 449 gold pieces.
You spent 246 gold pieces at shops.

Inventory:

Hand Weapons
 a - a +0 war axe of venom
 s - a +5 long sword of freezing (weapon)
Missiles
 C - 5 silver boomerangs
Armour
 c - a +0 barding (worn)
 d - a +2 pair of gloves (worn)
 f - a +0 chain mail (worn)
 g - a +0 helmet (worn)
 l - a +0 buckler (worn)
 v - a +0 pair of gloves
Magical Staves
 y - an uncursed staff of fire
Jewellery
 h - a +4 ring of protection (left hand)
 j - a cursed +6 ring of strength (right hand)
 t - an uncursed ring of resist corrosion
 u - an uncursed ring of protection from cold
 z - an amulet of the acrobat (around neck)
 A - the ring "Ynoogut" {+Fly rN+ Will- Int+5 Stlth-}
   (You found it on level 5 of the Dungeon)

   [ring of attention]

   It affects your intelligence (+5).
   It protects you from negative energy.
   It affects your willpower, your defense against some magical effects.
   It lets you fly.
   It makes you less stealthy.
Wands
 k - a wand of polymorph (3)
 o - a wand of flame (10)
Scrolls
 b - a scroll of identify
 m - 3 scrolls of enchant weapon
 n - 2 scrolls of enchant armour
 p - 2 scrolls of magic mapping
 q - 3 scrolls of teleportation
 w - a scroll of immolation
 B - 2 scrolls of amnesia {unknown}
 E - a scroll of blinking {unknown}
Potions
 e - a potion of magic {unknown}
 i - 3 potions of brilliance
 r - a potion of attraction
 x - 3 potions of flight


   Skills:
 + Level 5.0 Fighting
 * Level 7.0 Long Blades
 + Level 4.0 Armour
 + Level 4.2 Dodging
 + Level 3.9 Shields
 + Level 5.7 Unarmed Combat
 - Level 2.0 Spellcasting
 + Level 5.1 Transmutations
 + Level 5.0 Invocations


You had 12 spell levels left.
You knew the following spells:

 Your Spells              Type           Power        Failure   Level
a - Beastly Appendage     Tmut           22%          36%         1

Your spell library contained the following spells:

 Spells                   Type           Power        Failure   Level
 Wereblood                Tmut           11%          50%         2
 Spider Form              Tmut/Pois      3%           97%         3
 Ice Form                 Ice/Tmut       6%           100%        4
 Blade Hands              Tmut           5%           100%        5


Dungeon Overview and Level Annotations

Branches:
Dungeon (7/15)              Sewer (visited)
 Temple: D:4-7

Altars:
Elyvilon
Fedhas
Hepliaklqana
Qazlal
Trog
Wu Jian
Yredelemnul

Shops:
D:5 ?

Annotations:
D:6 2 runed translucent doors, oc3rt's ghost, novice KoHu


Innate Abilities, Weirdness & Mutations

You cannot wear boots.
Your serpentine skin is tough. (AC +3)
You have supernaturally acute eyesight. (SInv)
Armour fits poorly on your strangely shaped body.
Your system is resistant to poisons. (rPois)
You cover ground very slowly.
You can spit poison.


Message History

* * * LOW HITPOINT WARNING * * *
The gargoyle barely misses you.
You riposte.
You hit the gargoyle. You freeze the gargoyle.
The gargoyle is severely damaged.
The gargoyle hits you but does no damage.
The gargoyle misses you.
You riposte.
You hit the gargoyle. You freeze the gargoyle.
The gargoyle is severely damaged.
The gargoyle closely misses you.
The gargoyle hurls a stone arrow at you.
The stone arrow hits you!
* * * LOW HITPOINT WARNING * * *
You block the gargoyle's attack.
The gargoyle hurls a stone arrow at you.
The stone arrow hits you!
* * * LOW HITPOINT WARNING * * *
The gargoyle hurls a stone arrow at you.
The stone arrow misses you.
The gargoyle hits you with a +1 morningstar of holy wrath!
You die...

#######
###.....###
#.....9@..#
###++####.### ##
#...≈≈..#...###.#
#≈.8≈#..##.#..#..#
#≈#?[.≈.##.##.#..#
##..[..#≈#.......#
###.#≈#####.##..#
### #####
###....#####....
##....).......###


You could see a gargoyle.

Vanquished Creatures
  Harold (D:7)
  Joseph (D:7)
  Menkaure (D:7)
  4 orc warriors
  An ice beast (D:7)
  4 ogres
  2 eyes of draining (D:7)
  A phantom (D:6)
  A necrophage (D:6)
  4 centaurs
  2 big kobolds
  A gnoll sergeant (D:7)
  5 bullfrogs
  2 scorpions
  5 killer bees (D:4)
  2 howler monkeys
  2 jellies
  4 hounds
  2 orc wizards
  6 orc priests
  A centaur skeleton (D:5)
  Ijyb (D:5)
  An iguana (D:7)
  3 worker ants
  2 hound skeletons
  3 gnolls (D:7)
  A howler monkey skeleton (D:5)
  8 adders
  4 river rats
  3 white imps
  A dart slug (D:3)
  A leopard gecko (D:3)
  12 orcs
  6 bats
  8 giant cockroaches
  4 goblins
  12 hobgoblins
  18 jackals
  12 kobolds
  5 quokkas
  3 ball pythons
  4 frilled lizards
  A jackal skeleton (D:3)
  18 rats
183 creatures vanquished.

Vanquished Creatures (others)
  A jackal (D:7)
  A quokka (D:7)
  10 plants (D:6)
12 creatures vanquished.

Grand Total: 195 creatures vanquished

Notes
Turn   | Place    | Note
-------+----------+-------------------------------------------
     0 | D:1      | vvl the Naga Transmuter began the quest for the Orb.
     0 | D:1      | Reached XP level 1. HP: 18/18 MP: 3/3
   189 | D:1      | Reached XP level 2. HP: 8/25 MP: 5/5
   558 | D:1      | Reached skill level 1 in Long Blades
   658 | D:1      | Reached XP level 3. HP: 31/31 MP: 6/6
  1962 | D:3      | Found an ornate altar of the Wu Jian Council.
  2172 | D:3      | Reached XP level 4. HP: 38/38 MP: 7/7
  2324 | D:3      | Reached skill level 1 in Armour
  2936 | D:4      | Reached skill level 2 in Long Blades
  2952 | D:4      | Found a blossoming altar of Fedhas.
  2971 | D:4      | Reached skill level 1 in Shields
  2971 | D:4      | Reached XP level 5. HP: 26/45 MP: 8/8
  3321 | D:4      | Reached skill level 1 in Invocations
  3331 | D:4      | Reached XP level 6. HP: 11/52 MP: 7/9
  3339 | D:4      | Reached skill level 3 in Long Blades
  3347 | D:4      | HP: 1/78 [killer bee (6)]
  3689 | D:4      | Reached XP level 7. HP: 55/61 MP: 10/10
  4053 | D:4      | Found a stormy altar of Qazlal.
  4271 | D:5      | Entered Level 5 of the Dungeon
  4277 | D:5      | Noticed Ijyb
  4301 | D:5      | Killed Ijyb
  4359 | D:5      | Found a glowing drain.
  4421 | Sewer    | Entered a sewer
  4618 | Sewer    | Found a white marble altar of Elyvilon.
  4732 | D:5      | Reached skill level 4 in Long Blades
  4751 | D:5      | Reached XP level 8. HP: 44/68 MP: 11/11
  4991 | D:5      | Got a transparent brass ring
  5540 | D:4      | HP: 3/69 [orc wizard/magic dart (6)]
  6150 | D:5      | Found Gexagix's Magic Scroll Emporium.
  6158 | D:5      | Bought a scroll of immolation for 45 gold pieces
  6158 | D:5      | Bought a scroll of enchant armour for 97 gold pieces
  6158 | D:5      | Bought a scroll of teleportation for 39 gold pieces
  6158 | D:5      | Bought a scroll of identify for 26 gold pieces
  6158 | D:5      | Bought a scroll of teleportation for 39 gold pieces
  6172 | D:5      | Identified the ring "Ynoogut" {+Fly rN+ Will- Int+5 Stlth-}
                  | (You found it on level 5 of the Dungeon)
  6509 | D:6      | Noticed a gargoyle
  7315 | D:6      | Reached skill level 5 in Long Blades
  7557 | D:6      | Reached XP level 9. HP: 73/78 MP: 12/12
  8636 | D:7      | Noticed Menkaure
  8639 | D:7      | Killed Menkaure
  8850 | D:6      | Reached skill level 5 in Unarmed Combat
  9184 | D:7      | Found a white marble altar of Elyvilon.
  9255 | D:7      | Noticed Harold
  9284 | D:7      | Killed Harold
  9285 | D:7      | Reached skill level 6 in Long Blades
  9978 | D:7      | Reached XP level 10. HP: 87/87 MP: 13/13
 10099 | D:7      | Found a hazy altar of Hepliaklqana.
 10263 | D:7      | Noticed Joseph
 10267 | D:7      | Reached skill level 5 in Transmutations
 10280 | D:7      | Killed Joseph
 10544 | D:7      | Reached skill level 5 in Invocations
 10550 | D:7      | Reached skill level 5 in Fighting
 10550 | D:7      | Reached skill level 7 in Long Blades
 10759 | D:7      | Found a bloodstained altar of Trog.
 11362 | D:6      | Found a basalt altar of Yredelemnul.
 11452 | D:6      | Found a large runed translucent door.
 11452 | D:6      | Found a large runed translucent door.
 11453 | D:6      | Noticed oc3rt's ghost (novice KoHu)
 11475 | D:6      | HP: 1/88 [gargoyle/stone arrow (10)]
 11477 | D:6      | Mangled by a gargoyle

Illustrated notes

Levels and vault maps discovered:
D:1:      dpeg_arrival_pits, layout_basic, minmay_rat_gold_closets
D:2:      layout_basic
D:3:      layout_loops_corners, nzn_wu_jian_contemplation
D:4:      layout_loops_ring, grunt_qazlal_sundering, lemuel_crystal_altar
D:5:      layout_basic, portal_sewer_entry_c, serial_shops,
          nicolae_shop_waterfront, uniq_ijyb
D:6:      layout_rooms, lemuel_crystal_altar, kennysheep_little_box,
          minmay_temple_entry_enclosed_plants, nicolae_ossuary_entry_catacombs,
          ebering_ghost_disaster_area, minivault_23,
          nicolae_ru_great_annihilating_truth
D:7:      layout_basic, elyvilon_altar_4, trog_eyes_of_draining,
          nicolae_overflow_hidden_temple, basic_altar, chequers_jeans,
          uniq_harold, uniq_menkaure, uniq_joseph

Skill      XL: |  1  2  3  4  5  6  7  8  9 10 |
---------------+-------------------------------+-----
Long Blades    | 1 2 3 4 5 6 7 |  7.0
Armour         | 1 2 3 4 |  4.0
Dodging        | 2 3 4 |  4.2
Shields        | 1 2 3 |  3.9
Fighting       | 2 3 4 5 |  5.0
Invocations    | 1 2 3 4 5 |  5.0
Transmutations | 3 4 5 |  5.1
Unarmed Combat | 4 5 |  5.7
Spellcasting   | |  2.0

Action                   |  1- 3 |  4- 6 |  7- 9 | 10-12 || total
-------------------------+-------+-------+-------+-------++-------
Melee: Dagger            |    18 |       |       |       ||    18
       Unarmed           |    10 |       |     9 |       ||    19
       Punch             |     4 |       |       |       ||     4
       Short sword       |   183 |   163 |   424 |       ||   770
       War axe           |       |       |   105 |   107 ||   212
       Mace              |       |       |    12 |       ||    12
       Headbutt          |       |       |     4 |     1 ||     5
       Long sword        |       |       |       |     3 ||     3
 Cast: Beastly Appendage |       |       |     1 |     1 ||     2
 Abil: Spit Poison       |       |    10 |    22 |       ||    32
Evoke: Wand              |       |       |    17 |       ||    17
  Use: Potion            |       |     3 |    11 |     3 ||    17
       Scroll            |       |       |     7 |       ||     7
Armor: Chain mail        |   181 |   120 |   450 |    80 ||   831
       Robe              |     5 |       |       |       ||     5
       Skin              |       |    32 |     7 |       ||    39
Dodge: Dodged            |    41 |    33 |   174 |    83 ||   331
Block: Buckler           |    16 |    27 |   124 |    30 ||   197
       Rpst.: Long sword |       |       |       |     3 ||     3
